 Dungeon Crawl Stone Soup version 0.30.0-29-ga12c61a403 (webtiles) character file.

Game seed: 3595534955249843531

370 hawla the Firebug (level 6, -3/32 HPs)
             Began as a Deep Elf Fire Elementalist on June 7, 2023.
             Slain by Joseph
             ... wielding a +0 quarterstaff
              (7 damage)
             ... on level 7 of the Dungeon.
             The game lasted 00:09:32 (1849 turns).

hawla the Firebug (Deep Elf Fire Elementalist)      Turns: 1849, Time: 00:09:33

Health: -3/32      AC:  4    Str:  5    XL:     6   Next: 42%
Magic:  1/15       EV: 13    Int: 22    God:
Gold:   172        SH:  0    Dex: 21    Spells: 7/14 levels left

rFire   . . .        (no weapon)
rCold   . . .        (no shield)
rNeg    . . .        a - +1 robe
rPois   .            (no helmet)
rElec   .            (no cloak)
rCorr   .            (no gloves)
SInv    .            j - +0 pair of boots
Will    .....        (no amulet)
Stlth   +++          e - +6 ring of dexterity
HPRegen 0.25/turn    (no ring)
MPRegen 0.14/turn

%: no passive effects
@: no status effects
A: no striking features
a: no special abilities


You were on level 7 of the Dungeon.
You visited 2 branches of the dungeon, and saw 6 of its levels.

You collected 172 gold pieces.

Inventory:

Armour
 a - a +1 robe (worn)
 j - a +0 pair of boots (worn)
Jewellery
 e - a +6 ring of dexterity (left hand)
 h - the ring of Lousir {rC+++ Will- rCorr Str+6 Int-2}
   (You found it on level 4 of the Dungeon)

   [ring of strength]

   Str:       It affects your strength (+6).
   Int:       It affects your intelligence (-2).
   rC:        It renders you almost immune to cold.
   rCorr:     It protects you from acid and corrosion.
   Will:      It decreases your willpower.
Scrolls
 d - a scroll of teleportation
 f - a scroll of poison
 g - a scroll of amnesia
 k - 2 scrolls of identify
Potions
 b - a potion of magic
 c - a potion of attraction {unknown}
 i - a potion of lignification {unknown}
 l - a potion of heal wounds {unknown}
 m - 2 potions of mutation {unknown}


   Skills:
 + Level 3.0 Dodging
 + Level 2.9 Stealth
 + Level 4.8 Spellcasting
 + Level 4.8 Conjurations
 + Level 5.0 Fire Magic


You had 7 spell levels left.
You knew the following spells:

 Your Spells              Type           Power      Damage    Failure   Level
a - Foxfire               Conj/Fire      100%       2x1d9     1%          1
b - Scorch                Fire           54%        2d7       1%          2
c - Flame Wave            Conj/Fire      26%        2d8       14%         4

Your spell library contained the following spells:

 Spells                   Type           Power      Damage    Failure   Level
 Inner Flame              Hex/Fire       16%        N/A       11%         3
 Volatile Blastmotes      Fire/Tloc      32%        2d12      11%         3
 Fireball                 Conj/Fire      13%        3d7       36%         5
 Starburst                Conj/Fire      13%        6d5       91%         6
 Plasma Beam              Fire/Air       8%         2x1d20    99%         6


Dungeon Overview and Level Annotations

Branches:
Dungeon (7/15)             Temple (1/1) D:7

Altars:
Ashenzari
Cheibriados
Dithmenos
Gozag
Hepliaklqana
Kikubaaqudgha
Makhleb
Okawaru
Ru
Trog
Uskayaw
Wu Jian
Xom
Yredelemnul
Zin
The Shining One

Annotations:
D:4 PerfectTommy's ghost, amateur GnCA
D:7 Joseph


Message History

The foxfire hits Joseph but does no damage.
Joseph is moderately wounded.
Joseph unwields a +0 quarterstaff.
Joseph wields a +0 sling.
Joseph shoots a sling bullet.
The sling bullet hits you!
Your foxfire dissipates!
The foxfire hits Joseph.
Joseph is burned terribly!
Joseph is heavily wounded.
Casting: Scorch (safe; 1% risk of failure)
Confirm with . or Enter, or press ? or * to list all spells.
You conjure some foxfire!
Casting: Foxfire (safe; 1% risk of failure)
Confirm with . or Enter, or press ? or * to list all spells.
Flames lash Joseph.
Joseph is burned terribly!
Joseph is heavily wounded.
The foxfire hits Joseph but does no damage.
Joseph is heavily wounded.
The foxfire hits Joseph.
Joseph is burned terribly!
Joseph is heavily wounded.
Joseph shoots a sling bullet.
The sling bullet closely misses you.
Joseph unwields a +0 sling.
Joseph wields a +0 quarterstaff.
Joseph hits you with a +0 quarterstaff!!
Ouch! That really hurt!
* * * LOW HITPOINT WARNING * * *
Casting: Scorch (safe; 1% risk of failure)
Confirm with . or Enter, or press ? or * to list all spells.
The spell is quite dangerous to miscast (14% risk of failure)!
Continue anyway? [Y]es or [N]o only, please.
The spell is quite dangerous to miscast (14% risk of failure)!
Continue anyway?
Casting: Flame Wave (quite dangerous; 14% risk of failure)
Press: ? - help, Dir - look around, f - activate A wave of flame ripples out!
The flame wave engulfs Joseph!
Joseph is burned terribly!
Joseph is severely wounded. (Press . to intensify the flame waves.) Joseph closely misses you.
A wave of flame ripples out!
The flame wave engulfs Joseph!
Joseph is burned terribly!
Joseph is almost dead.
Joseph hits you with a +0 quarterstaff!
You die...

#. ♣..'.###......
......#........##
#......#.#.......#
###++####..##.##..
##...# #..
##..#.....#
#...##...##
#......_...
#.#@##...## #.#@#
...# #.#.. #..
#.#..# #.##.. #.
#.. .. ##


You could see Joseph (combustible).

Vanquished Creatures
  An ogre (D:4)
  A phantom (D:4)
  2 orc priests (D:4)
  A sleepcap (D:4)
  6 gnolls
  2 adders
  A dart slug (D:4)
  9 orcs (D:4)
  2 bats (D:3)
  3 endoplasms
  5 giant cockroaches
  3 hobgoblins
  A kobold (D:4)
  A quokka (D:4)
  2 ball pythons (D:4)
  A rat (D:3)
41 creatures vanquished.

Vanquished Creatures (others)
  121 foxfires
121 creatures vanquished.

Grand Total: 162 creatures vanquished

Notes
Turn   | Place    | Note
-------+----------+-------------------------------------------
     0 | D:1      | hawla the Deep Elf Fire Elementalist began the quest for
                  | the Orb.
     0 | D:1      | Reached XP level 1. HP: 10/10 MP: 6/6
   157 | D:2      | Reached XP level 2. HP: 15/15 MP: 4/8
   160 | D:2      | Learned a level 2 spell: Scorch
   191 | D:2      | Found a glowing golden altar of the Shining One.
   310 | D:3      | Reached skill level 4 in Fire Magic
   314 | D:3      | Reached XP level 3. HP: 19/19 MP: 0/9
   663 | D:4      | Reached XP level 4. HP: 24/24 MP: 6/11
   668 | D:4      | Learned a level 4 spell: Flame Wave
   904 | D:4      | Identified the ring of Lousir {rC+++ Will- rCorr Str+6
                  | Int-2}
   938 | D:4      | Noticed an ogre
   943 | D:4      | Killed an ogre
   944 | D:4      | Reached XP level 5. HP: 28/28 MP: 3/12
  1230 | D:4      | Noticed a phantom
  1236 | D:4      | Killed a phantom
  1237 | D:4      | Reached XP level 6. HP: 32/32 MP: 4/14
  1388 | D:4      | Found a sacrificial altar of Ru.
  1490 | D:4      | Found a runed translucent gate.
  1490 | D:4      | Found a runed translucent gate.
  1490 | D:4      | Found a runed translucent gate.
  1494 | D:4      | Noticed PerfectTommy's ghost (amateur GnCA)
  1515 | D:4      | Reached skill level 5 in Fire Magic
  1520 | D:4      | You fall into a shaft and drop 3 floors!
  1655 | D:7      | Found a staircase to the Ecumenical Temple.
  1688 | Temple   | Entered the Ecumenical Temple
  1827 | D:7      | Found a glowing silver altar of Zin.
  1835 | D:7      | Noticed Joseph
  1849 | D:7      | Slain by Joseph

Illustrated notes

Levels and vault maps discovered:
D:1:      elethiomel_arrival_quiet, layout_basic
D:2:      layout_loops_ring, basic_altar
D:3:      layout_loops_ring, serial_shops, nicolae_shop_just_a_little_nook
D:4:      layout_basic, lemuel_crystal_altar, biasface_ghost_orc_armoury,
          hangedman_decor_riveting
D:7:      layout_basic, mainiacjoe_overflow_small_starburst,
          minmay_temple_entry_stoned_glass, serial_shops, shop,
          kennysheep_generic_room_15, uniq_joseph
Temple:   nicolae_temple_two_arcs

Skill      XL: |  1  2  3  4  5  6 |
---------------+-------------------+-----
Fire Magic     | 4 5 |  5.0
Dodging        | 3 |  3.0
Conjurations   | 4 |  4.8
Spellcasting   | 4 |  4.8
Stealth        | |  2.9

Action                     |  1- 3 |  4- 6 || total
---------------------------+-------+-------++-------
  Melee: Unarmed           |     3 |     2 ||     5
         Punch             |     1 |       ||     1
   Cast: Foxfire           |    35 |    35 ||    70
         Scorch            |     2 |    14 ||    16
         Flame Wave        |       |     3 ||     3
    Use: Scroll            |     3 |     3 ||     6
         Potion            |       |     2 ||     2
 Armour: Robe              |     4 |     3 ||     7
  Dodge: Dodged            |     8 |    13 ||    21
